 Dungeon Crawl Stone Soup version 0.30-a0-691-g754fce4c43 (webtiles) character file.

Game seed: 17460417353919278064

29 Rrauwl the Trooper (level 3, -2/23 HPs)
             Began as a Gargoyle Monk on Jan 19, 2023.
             Slain by Terence
             ... wielding a +3 falchion of holy wrath
              (4 damage)
             ... on level 2 of the Dungeon.
             The game lasted 00:03:15 (757 turns).

Rrauwl the Trooper (Gargoyle Monk)                   Turns: 757, Time: 00:03:15

Health: -2/23      AC:  5    Str: 16    XL:     3   Next: 16%
Magic:  3/3        EV: 10    Int: 10    God:
Gold:   37         SH:  6    Dex: 12    Spells: 2/2 levels left

rFire   . . .      SeeInvis .    a - +1 mace
rCold   . . .      Faith    .    e - +0 kite shield
rNeg    + . .      Spirit   .    b - +0 robe
rPois   ∞          Reflect  .    (no helmet)
rElec   +          Harm     +    i - scarf {harm}
rCorr   .          Rampage  .    (no gloves)
Will    .....                    (no boots)
Stlth   ++                       (no amulet)
HPRegen 0.23/turn                (no ring)
MPRegen 0.08/turn                (no ring)

@: no status effects
A: sickness immunity, AC +3, negative energy resistance 1, electricity
resistance, torment resistance 1, petrification resistance
a: no special abilities


You were on level 2 of the Dungeon.
You visited 1 branch of the dungeon, and saw 2 of its levels.

You collected 37 gold pieces.

Inventory:

Hand Weapons
 a - a +1 mace (weapon)
Armour
 b - a +0 robe (worn)
 e - a +0 kite shield (worn)
 i - a scarf of harm (worn)
Scrolls
 c - a scroll of enchant weapon
 d - a scroll of fog
 j - a scroll of identify


   Skills:
 + Level 3.6 Fighting
 + Level 3.3 Maces & Flails
 + Level 2.7 Dodging
 + Level 2.8 Stealth
 + Level 0.0 Shields


You had 2 spell levels left.
You didn't know any spells.
Your spell library was empty.

Dungeon Overview and Level Annotations

Branches:
Dungeon (2/15)

Altars:

Shops:
D:1 =

Annotations:
D:2 Terence


Innate Abilities, Weirdness & Mutations

You are immune to sickness and miasma.
Your stone body is resilient. (AC +3)
You are immune to poison.
You resist negative energy. (rN+)
You are resistant to electric shocks. (rElec)
You are resistant to unholy torment.
You are immune to petrification.


Message History

Where to? (? - help)
There is a stone staircase leading down here.
You climb downwards.
There is a stone staircase leading up here.
Terence the Incautious comes into view.
He is wielding a +3 falchion of holy wrath.
You aren't carrying any potions.
The helpless Terence fails to defend himself.
You hit Terence.
Terence is moderately wounded.
Terence hits you with a +3 falchion of holy wrath.
You barely miss Terence.
Terence is moderately wounded.
Terence closely misses you. x2
You closely miss Terence.
Terence is moderately wounded.
You block Terence's attack.
You hit Terence.
Terence is heavily wounded.
Terence hits you with a +3 falchion of holy wrath.
You hit Terence but do no damage.
Terence is heavily wounded.
Terence hits you with a +3 falchion of holy wrath.
You block Terence's attack.
You hit Terence but do no damage.
Terence is heavily wounded.
Terence hits you with a +3 falchion of holy wrath.
You completely miss Terence.
Terence is heavily wounded.
Terence barely misses you. You block Terence's attack.
You barely miss Terence.
Terence is heavily wounded.
Terence hits you with a +3 falchion of holy wrath!
* * * LOW HITPOINT WARNING * * *
You aren't carrying any potions.
You aren't carrying any items that you can evoke.
As you read the scroll labelled QIVVIL YNGUYL, it crumbles to dust.
It is a scroll of identify.
You don't currently have any unidentified items.
Terence hits you with a +3 falchion of holy wrath.
You die...

##########
#.@@......
#.########
#.# #<#
#.# ###


You could see Terence.

Vanquished Creatures
  A dart slug (D:1)
  4 bats (D:1)
  2 endoplasms (D:1)
  A giant cockroach (D:1)
  5 goblins (D:1)
  4 jackals (D:1)
  A ball python (D:1)
  2 frilled lizards (D:1)
  4 kobolds (D:1)
24 creatures vanquished.

Notes
Turn   | Place    | Note
-------+----------+-------------------------------------------
     0 | D:1      | Rrauwl the Gargoyle Monk began the quest for the Orb.
     0 | D:1      | Reached XP level 1. HP: 14/14 MP: 1/1
   117 | D:1      | Found Jir Ekeu's Jewellery Emporium.
   144 | D:1      | Reached XP level 2. HP: 19/19 MP: 2/2
   315 | D:1      | Reached XP level 3. HP: 22/23 MP: 3/3
   747 | D:2      | Noticed Terence
   757 | D:2      | Slain by Terence

Illustrated notes

Levels and vault maps discovered:
D:1:      lemuel_arrival_river_passageway, layout_loops_ring, serial_shops, shop
D:2:      layout_basic, uniq_natasha, uniq_robin, uniq_terence

Action                   || total
-------------------------++-------
Melee: Mace              ||    90
       Punch             ||     1
  Use: Potion            ||     3
       Scroll            ||     6
 Stab: Sleeping          ||     3
Armor: Robe              ||    38
Dodge: Dodged            ||    75
Block: Kite shield       ||     3

Table legend: (Time is in decaauts)
 A = Elapsed time spent in this place.
 B = Non-inter-level travel time spent in this place.
 C = Inter-level travel time spent in this place.
 D = Time resting spent in this place.
 E = Time spent auto-exploring this place.
 F = Levels seen in this place.
 G = Mean time per level.
                   A        B        C        D        E       F      G
               +--------+--------+--------+--------+--------+-----+--------+
         Total |    795 |    788 |      7 |      0 |    540 |   2 |  397.5 |
       Dungeon |    795 |    788 |      7 |      0 |    540 |   2 |  397.5 |
               +--------+--------+--------+--------+--------+-----+--------+

Top non-repeatable levels by time:
     D:1: 779 daAuts
     D:2: 15 daAuts
